3L
SEATTLE ROCKETEERS @ PITTSBURGH KINGFISHERS
08/09/2042
 
TOP OF THE 1ST
Seattle Rocketeers batting - Pitching for Pittsburgh Kingfishers : LHP Jeffery Meyers
Pitching: LHP Jeffery Meyers
Batting: RHB Axel Ruschmeyer 0-0: Ball
1-0: Ball
2-0: Foul Ball, location: 2F
2-1: Ball
3-1: Foul Ball, location: 2F
3-2: Strikes out looking
Batting: RHB Jur Prokop 0-0: Called Strike
0-1: SINGLE (Line Drive, 89M, EV 91.9 MPH)
Batting: RHB Jason Slaybaugh 0-0: Ball
1-0: Called Strike
1-1: Ball
2-1: Swinging Strike
2-2: Ball
Jur Prokop is caught stealing 2nd base 2-4
3-2: Base on Balls
Batting: RHB Gah-fat Liu 0-0: Swinging Strike
0-1: Called Strike
0-2: Foul Ball, location: 2F
0-2: Fly out, F7 (Flyball, 78M, EV 93.8 MPH)
Top of the 1st over - 0 runs, 1 hit, 0 errors, 1 left on base; Seattle 0 - Pittsburgh 0
BOTTOM OF THE 1ST
Pittsburgh Kingfishers batting - Pitching for Seattle Rocketeers : LHP Andy Williams
Pitching: LHP Andy Williams
Batting: LHB Naganori Inoue 0-0: SINGLE (Line Drive, 9S, EV 103.8 MPH)
Batting: LHB Danny Trautmann 0-0: Swinging Strike
0-1: Ball
1-1: Ball
2-1: Swinging Strike
2-2: Ball
3-2: Strikes out swinging
Naganori Inoue is caught stealing 2nd base 2-6
Batter strikes out.
Batting: RHB Junior Young 0-0: Swinging Strike
0-1: Swinging Strike
0-2: Ball
1-2: Ball
2-2: Ball
3-2: Strikes out swinging
Bottom of the 1st over - 0 runs, 1 hit, 0 errors, 0 left on base; Seattle 0 - Pittsburgh 0
TOP OF THE 2ND
Seattle Rocketeers batting - Pitching for Pittsburgh Kingfishers : LHP Jeffery Meyers
Batting: RHB Alain Grosjean 0-0: Foul Ball, location: 2F
0-1: Foul Ball, location: 2F
0-2: Ground out 6-3 (Groundball, 6, EV 107.5 MPH)
Batting: RHB Mathew Mayo 0-0: Called Strike
0-1: Ball
1-1: Foul Ball, location: 2F
1-2: Foul Ball, location: 2F
1-2: SINGLE (Line Drive, 3D, EV 96.2 MPH)
Batting: RHB Guy Toussaint 0-0: Ball
1-0: Ball
2-0: Ball
3-0: Called Strike
3-1: Base on Balls
Mathew Mayo to second
Batting: SHB Lodd Felton 0-0: Ball
1-0: Ball
2-0: Called Strike
2-1: Foul Ball, location: 2F
2-2: Ball
3-2: Base on Balls
Mathew Mayo to third
Guy Toussaint to second
Batting: LHB Carlos Gabriel 0-0: Called Strike
0-1: Ball
1-1: Ball
2-1: Foul Ball, location: 2F
2-2: Ball
3-2: Base on Balls
Mathew Mayo scores
Guy Toussaint to third
Lodd Felton to second
Batting: RHB Axel Ruschmeyer 0-0: Fly out, F9 (Flyball, 9, EV 73.1 MPH)
Runner from 3rd tags up, SCORES, throw by RF
Now in RF: Max Sinclair
Batting: RHB Jur Prokop 0-0: Fly out, F4 (Popup, 4, EV 80.0 MPH)
Top of the 2nd over - 2 runs, 1 hit, 0 errors, 2 left on base; Seattle 2 - Pittsburgh 0
BOTTOM OF THE 2ND
Pittsburgh Kingfishers batting - Pitching for Seattle Rocketeers : LHP Andy Williams
Batting: LHB Max Sinclair 0-0: Ground out 4-3 (Groundball, 4, EV 90.6 MPH)
Batting: LHB Rafael Abasto 0-0: Ball
1-0: Called Strike
1-1: Foul Ball, location: 2F
1-2: Strikes out swinging
Batting: SHB Hong-bo Zhui 0-0: Ball
1-0: Foul Ball, location: 2F
1-1: Swinging Strike
1-2: Strikes out looking
Bottom of the 2nd over - 0 runs, 0 hits, 0 errors, 0 left on base; Seattle 2 - Pittsburgh 0
TOP OF THE 3RD
Seattle Rocketeers batting - Pitching for Pittsburgh Kingfishers : LHP Jeffery Meyers
Batting: RHB Jason Slaybaugh 0-0: Ball
1-0: Called Strike
1-1: Foul Ball, location: 2F
1-2: Fly out, F4 (Popup, 4M, EV 62.5 MPH)
Batting: RHB Gah-fat Liu 0-0: Ground out 5-3 (Groundball, 56S, EV 89.4 MPH)
Batting: RHB Alain Grosjean 0-0: Foul Ball, location: 2F
0-1: Ball
1-1: Ball
2-1: SINGLE (Line Drive, 78M, EV 99.4 MPH)
Batting: RHB Mathew Mayo 0-0: Ball
1-0: Swinging Strike
1-1: Ball
2-1: Called Strike
2-2: Foul Ball, location: 2F
2-2: Foul Ball, location: 2F
2-2: Ball
3-2: Strikes out swinging
Top of the 3rd over - 0 runs, 1 hit, 0 errors, 1 left on base; Seattle 2 - Pittsburgh 0
BOTTOM OF THE 3RD
Pittsburgh Kingfishers batting - Pitching for Seattle Rocketeers : LHP Andy Williams
Batting: RHB Li-ren Ku 0-0: Ground out 6-3 (Groundball, 6, EV 76.9 MPH)
Batting: RHB Loring Rommel 0-0: Foul Ball, location: 2F
0-1: Ball
1-1: Ground out 1-3 (Groundball, P, EV 83.8 MPH)
Batting: RHB Ryan Blonke 0-0: Ball
1-0: Ball
2-0: Called Strike
2-1: SINGLE (Groundball, 6D, EV 106.2 MPH)
Batting: LHB Naganori Inoue Pickoff Throw to First - Out! 1-3
Bottom of the 3rd over - 0 runs, 1 hit, 0 errors, 0 left on base; Seattle 2 - Pittsburgh 0
TOP OF THE 4TH
Seattle Rocketeers batting - Pitching for Pittsburgh Kingfishers : LHP Jeffery Meyers
Batting: RHB Guy Toussaint 0-0: Called Strike
0-1: Ball
1-1: Ball
2-1: Foul Ball, location: 2F
2-2: Fly out, F8 (Flyball, 8LM, EV 85.0 MPH)
Batting: SHB Lodd Felton 0-0: Ball
1-0: Ground out 6-3 (Groundball, 6M, EV 85.0 MPH)
Batting: LHB Carlos Gabriel 0-0: Ground out 2-3 (Groundball, 2L, EV 72.5 MPH)
Top of the 4th over - 0 runs, 0 hits, 0 errors, 0 left on base; Seattle 2 - Pittsburgh 0
BOTTOM OF THE 4TH
Pittsburgh Kingfishers batting - Pitching for Seattle Rocketeers : LHP Andy Williams
Batting: LHB Naganori Inoue 0-0: Ball
1-0: Foul Ball, location: 2F
1-1: Foul Ball, location: 2F
1-2: Ball
2-2: Ball
3-2: SINGLE (Line Drive, 78S, EV 110.0 MPH)
Batting: LHB Danny Trautmann 0-0: Ball
Naganori Inoue is caught stealing 2nd base 2-6
1-0: Ball
2-0: Foul Ball, location: 2F
2-1: Foul Ball, location: 2F
2-2: Ball
3-2: Foul Ball, location: 2F
3-2: Fly out, F8 (Flyball, 8LS, EV 83.8 MPH)
Batting: RHB Junior Young 0-0: Ball
1-0: Called Strike
1-1: Ball
2-1: Ball
3-1: Swinging Strike
3-2: Ground out 6-3 (Groundball, 6, EV 100.6 MPH)
Bottom of the 4th over - 0 runs, 1 hit, 0 errors, 0 left on base; Seattle 2 - Pittsburgh 0
TOP OF THE 5TH
Seattle Rocketeers batting - Pitching for Pittsburgh Kingfishers : LHP Jeffery Meyers
Batting: RHB Axel Ruschmeyer 0-0: Ball
1-0: Swinging Strike
1-1: Ball
2-1: Ball
3-1: Base on Balls
Batting: RHB Jur Prokop 0-0: Ball
1-0: Ball
2-0: Bunted foul
2-1: Bunt missed!
2-2: Fly out, F9 (Flyball, 89D, EV 91.2 MPH)
Batting: RHB Jason Slaybaugh 0-0: Foul Ball, location: 2F
0-1: Fly out, F7 (Flyball, 7LS, EV 95.0 MPH)
Batting: RHB Gah-fat Liu 0-0: Ball
1-0: Ball
2-0: Ball
3-0: Base on Balls
Axel Ruschmeyer to second
Batting: RHB Alain Grosjean 0-0: Ball
1-0: Fly out, F6 (Line Drive, 6, EV 61.9 MPH)
Top of the 5th over - 0 runs, 0 hits, 0 errors, 2 left on base; Seattle 2 - Pittsburgh 0
BOTTOM OF THE 5TH
Pittsburgh Kingfishers batting - Pitching for Seattle Rocketeers : LHP Andy Williams
Batting: LHB Max Sinclair 0-0: Foul Ball, location: 2F
0-1: Foul Ball, location: 2F
0-2: Fly out, F9 (Flyball, 9S, EV 86.2 MPH)
Batting: LHB Rafael Abasto 0-0: SINGLE (Groundball, 4D, EV 95.6 MPH)
Batting: SHB Hong-bo Zhui 0-0: Called Strike
0-1: Grounds into double play, 4-6-3 (Groundball, 4, EV 83.8 MPH)
Bottom of the 5th over - 0 runs, 1 hit, 0 errors, 0 left on base; Seattle 2 - Pittsburgh 0
TOP OF THE 6TH
Seattle Rocketeers batting - Pitching for Pittsburgh Kingfishers : LHP Jeffery Meyers
Pitching: LHP Kenny James
Batting: RHB Mathew Mayo 0-0: Ball
1-0: Ground out 1-3 (Groundball, 13, EV 90.0 MPH)
Batting: RHB Guy Toussaint 0-0: Called Strike
0-1: Swinging Strike
0-2: Ball
1-2: Ground out 6-3 (Groundball, 6, EV 96.9 MPH)
Batting: SHB Lodd Felton 0-0: Ball
1-0: Ground out 5-3 (Groundball, 5L, EV 89.4 MPH)
Top of the 6th over - 0 runs, 0 hits, 0 errors, 0 left on base; Seattle 2 - Pittsburgh 0
BOTTOM OF THE 6TH
Pittsburgh Kingfishers batting - Pitching for Seattle Rocketeers : LHP Andy Williams
Batting: RHB Li-ren Ku 0-0: Called Strike
0-1: Ball
1-1: Foul Ball, location: 2F
1-2: Foul Ball, location: 2F
1-2: Strikes out looking
Batting: RHB Loring Rommel 0-0: Foul Ball, location: 3F, Error on foul ball, E3
0-1: Ball
1-1: Ball
2-1: Ball
3-1: Called Strike
3-2: Foul Ball, location: 2F
3-2: SINGLE (Flyball, 9LS, EV 90.6 MPH)
Batting: RHB Ryan Blonke 0-0: Called Strike
0-1: Ball
1-1: Grounds into double play, 5-4-3 (Groundball, 56S, EV 86.2 MPH)
Bottom of the 6th over - 0 runs, 1 hit, 1 error, 0 left on base; Seattle 2 - Pittsburgh 0
TOP OF THE 7TH
Seattle Rocketeers batting - Pitching for Pittsburgh Kingfishers : LHP Kenny James
Batting: LHB Carlos Gabriel 0-0: Swinging Strike
0-1: Ball
1-1: Ball
2-1: Foul Ball, location: 2F
2-2: Foul Ball, location: 2F
2-2: Strikes out swinging
Batting: RHB Axel Ruschmeyer 0-0: Ball
1-0: Ball
2-0: Called Strike
2-1: Swinging Strike
2-2: Strikes out swinging
Batting: RHB Jur Prokop 0-0: Called Strike
0-1: Called Strike
0-2: Ball
1-2: Ball
2-2: Strikes out swinging
Top of the 7th over - 0 runs, 0 hits, 0 errors, 0 left on base; Seattle 2 - Pittsburgh 0
BOTTOM OF THE 7TH
Pittsburgh Kingfishers batting - Pitching for Seattle Rocketeers : LHP Andy Williams
Batting: LHB Naganori Inoue 0-0: Called Strike
0-1: Reached on error, E2 (Groundball, 15S, EV 66.9 MPH)
Batting: LHB Danny Trautmann 0-0: Ball
1-0: Foul Ball, location: 2F
1-1: Foul Ball, location: 2F
1-2: Foul Ball, location: 2F
1-2: Foul Ball, location: 2F
1-2: Ball
2-2: DOUBLE (Line Drive, 78M, EV 95.6 MPH)
Naganori Inoue to third
Batting: RHB Junior Young 0-0: Swinging Strike
0-1: Ground out 6-3 (Groundball, 6, EV 83.1 MPH)
Naganori Inoue scores
Batting: LHB Max Sinclair 0-0: Ball
1-0: Ball
2-0: Foul Ball, location: 2F
2-1: Ball
3-1: Base on Balls
Batting: LHB Rafael Abasto 0-0: Called Strike
0-1: Ball
1-1: Ball
2-1: Fly out, F4 (Popup, 34S, EV 89.4 MPH)
Batting: SHB Hong-bo Zhui 0-0: Foul Ball, location: 2F
0-1: Ball
1-1: Fielders Choice at 2nd, 6-4 (Groundball, 6, EV 85.0 MPH)
Bottom of the 7th over - 1 run, 1 hit, 1 error, 2 left on base; Seattle 2 - Pittsburgh 1
TOP OF THE 8TH
Seattle Rocketeers batting - Pitching for Pittsburgh Kingfishers : LHP Kenny James
Batting: RHB Jason Slaybaugh 0-0: Ball
1-0: Called Strike
1-1: Foul Ball, location: 2F
1-2: Strikes out swinging
Batting: RHB Gah-fat Liu 0-0: Ball
1-0: Foul Ball, location: 2F
1-1: Called Strike
1-2: Strikes out swinging
Batting: RHB Alain Grosjean 0-0: DOUBLE (Flyball, 8LXD, EV 106.2 MPH)
Batting: RHB Mathew Mayo 0-0: Called Strike
0-1: Called Strike
0-2: Strikes out swinging
Top of the 8th over - 0 runs, 1 hit, 0 errors, 1 left on base; Seattle 2 - Pittsburgh 1
BOTTOM OF THE 8TH
Pittsburgh Kingfishers batting - Pitching for Seattle Rocketeers : LHP Andy Williams
Batting: RHB Li-ren Ku 0-0: Ball
1-0: Called Strike
1-1: Foul Ball, location: 2F
1-2: Ground out 3-1 (Groundball, 34, EV 107.5 MPH)
Batting: RHB Loring Rommel 0-0: Foul Ball, location: 2F
0-1: Foul Ball, location: 2F
0-2: Foul Ball, location: 2F
0-2: Ball
1-2: Ground out 6-3 (Groundball, 56S, EV 69.4 MPH)
Batting: RHB Ryan Blonke 0-0: Called Strike
0-1: Called Strike
0-2: Ball
1-2: Foul Ball, location: 2F
1-2: Strikes out looking
Bottom of the 8th over - 0 runs, 0 hits, 0 errors, 0 left on base; Seattle 2 - Pittsburgh 1
TOP OF THE 9TH
Seattle Rocketeers batting - Pitching for Pittsburgh Kingfishers : LHP Kenny James
Batting: RHB Guy Toussaint 0-0: Swinging Strike
0-1: Called Strike
0-2: Ball
1-2: Ground out 4-3 (Groundball, 4, EV 99.4 MPH)
Pitching: RHP Pierre Delecto
Batting: SHB Lodd Felton 0-0: Ball
1-0: Ball
2-0: Called Strike
2-1: Ball
3-1: Base on Balls
Batting: LHB Carlos Gabriel 0-0: Called Strike
0-1: Ball
1-1: Foul Ball, location: 2F
1-2: Foul Ball, location: 2F
1-2: SINGLE (Flyball, 7S, EV 91.9 MPH)
Lodd Felton to second
Batting: RHB Axel Ruschmeyer 0-0: Ball
1-0: Ball
2-0: Ball
3-0: Called Strike
3-1: Foul Ball, location: 2F
3-2: Grounds into double play, 5-4-3 (Groundball, 56, EV 81.2 MPH)
Top of the 9th over - 0 runs, 1 hit, 0 errors, 1 left on base; Seattle 2 - Pittsburgh 1
BOTTOM OF THE 9TH
Pittsburgh Kingfishers batting - Pitching for Seattle Rocketeers : LHP Andy Williams
Pitching: RHP Wu-ti Xuan
Batting: LHB Naganori Inoue 0-0: Called Strike
0-1: DOUBLE (Line Drive, 78D, EV 110.0 MPH)
Batting: LHB Danny Trautmann 0-0: Fly out, F6 (Popup, 56D, EV 52.5 MPH)
Batting: RHB Junior Young 0-0: Called Strike
0-1: Foul Ball, location: 2F
0-2: Ball
1-2: Ball
2-2: Ground out 5-3 (Groundball, 56S, EV 84.4 MPH)
Batting: LHB Max Sinclair 0-0: Called Strike
0-1: Foul Ball, location: 2F
0-2: Foul Ball, location: 2F
0-2: Strikes out swinging
Bottom of the 9th over - 0 runs, 1 hit, 0 errors, 1 left on base; Seattle 2 - Pittsburgh 1
Friday, March 26th, 2021 - OOTP Baseball 20.8 Build 74